SOB
ACAPULCO LOCOS @ COLON SCALLYWAGS
01/18/1982
 
TOP OF THE 1ST
Acapulco Locos batting - Pitching for Colon Scallywags : RHP Don Robinson
Pitching: RHP Don Robinson
Batting: RHB Dave Wilder 0-0: Ball
1-0: Ball
2-0: Fly out, F9 (Flyball, 9LS, EV 90.0 MPH)
Batting: RHB Enrique Collado 0-0: Ball
1-0: Fly out, F5 (Flyball, 5D, EV 76.9 MPH)
Batting: RHB Gary Skow 0-0: Ball
1-0: Ground out 5-3 (Groundball, 5, EV 88.8 MPH)
Top of the 1st over - 0 runs, 0 hits, 0 errors, 0 left on base; Acapulco 0 - Colon 0
BOTTOM OF THE 1ST
Colon Scallywags batting - Pitching for Acapulco Locos : RHP Frank Ricci
Pitching: RHP Frank Ricci
Batting: RHB Phil Bradley 0-0: Ball
1-0: Foul Ball, location: 2F
1-1: Swinging Strike
1-2: Foul Ball, location: 2F
1-2: DOUBLE (Groundball, 5L, EV 100.0 MPH)
Batting: RHB Marty G Barrett 0-0: Ball
1-0: Called Strike
1-1: Swinging Strike
1-2: Ball
2-2: Foul Ball, location: 2F
2-2: Foul Ball, location: 2F
2-2: Foul Ball, location: 2F
2-2: Reached on error, E6 (Groundball, 6, EV 102.5 MPH)
Phil Bradley scores
Batting: SHB Willie McGee 0-0: Ball
1-0: Fly out, F2 (Popup, 2L, EV 95.6 MPH)
Batting: RHB Joe Carter 0-0: Ball
1-0: Ball
2-0: Foul Ball, location: 2F
2-1: Foul Ball, location: 2F
2-2: Ground out 2-3 (Groundball, 15S, EV 66.9 MPH)
Marty G Barrett to third
Batting: LHB Sid Bream 0-0: Ball
1-0: Foul Ball, location: 2F
1-1: Foul Ball, location: 2F
1-2: Ball
2-2: Foul Ball, location: 2F
2-2: Foul Ball, location: 2F
2-2: Foul Ball, location: 2F
2-2: Ball
3-2: Fly out, F8 (Line Drive, 8LD, EV 93.1 MPH)
Bottom of the 1st over - 1 run, 1 hit, 1 error, 1 left on base; Acapulco 0 - Colon 1
TOP OF THE 2ND
Acapulco Locos batting - Pitching for Colon Scallywags : RHP Don Robinson
Batting: RHB Jorge Martinez 0-0: Ball
1-0: Ball
2-0: Swinging Strike
2-1: Foul Ball, location: 2F
2-2: Strikes out swinging
Batting: RHB Steven Trumbauer 0-0: Called Strike
0-1: Fly out, F6 (Popup, 6, EV 61.9 MPH)
Batting: RHB Daniel Purpura 0-0: Ball
1-0: Swinging Strike
1-1: Ball
2-1: Ball
3-1: Base on Balls
Batting: LHB Wilson Tucker 0-0: Ball
1-0: Called Strike
Daniel Purpura steals 2nd base
1-1: Foul Ball, location: 2F
1-2: Ball
2-2: Strikes out swinging
Top of the 2nd over - 0 runs, 0 hits, 0 errors, 1 left on base; Acapulco 0 - Colon 1
BOTTOM OF THE 2ND
Colon Scallywags batting - Pitching for Acapulco Locos : RHP Frank Ricci
Batting: SHB Johnny Ray 0-0: Ball
1-0: SINGLE (Line Drive, 6MD, EV 95.0 MPH)
Batting: SHB Jordan Ayala 0-0: Called Strike
0-1: Ball
1-1: Ball
2-1: Fielders Choice at 2nd, 6-4 (Groundball, 6M, EV 87.5 MPH)
Batting: RHB Edwin Agudelo 0-0: Called Strike
0-1: Ball
1-1: Foul Ball, location: 2F
1-2: Fly out, F7 (Flyball, 7S, EV 88.8 MPH)
Batting: RHB Alejandro Luna 0-0: Ball
1-0: Called Strike
Jordan Ayala steals 2nd, throwing error, E2
Jordan Ayala to third
1-1: Ball
2-1: Foul Ball, location: 2F
2-2: Ball
3-2: Strikes out looking
Bottom of the 2nd over - 0 runs, 1 hit, 1 error, 1 left on base; Acapulco 0 - Colon 1
TOP OF THE 3RD
Acapulco Locos batting - Pitching for Colon Scallywags : RHP Don Robinson
Batting: RHB Jackie Gutierrez 0-0: Called Strike
0-1: Called Strike
0-2: Ball
1-2: Fly out, F9 (Flyball, 89S, EV 92.5 MPH)
Batting: SHB Paul Gbur 0-0: Foul Ball, location: 2F
0-1: Swinging Strike
0-2: Strikes out looking
Batting: RHB Dave Wilder 0-0: Ball
1-0: Called Strike
1-1: Ball
2-1: Foul Ball, location: 2F
2-2: Foul Ball, location: 2F
2-2: Strikes out swinging
Top of the 3rd over - 0 runs, 0 hits, 0 errors, 0 left on base; Acapulco 0 - Colon 1
BOTTOM OF THE 3RD
Colon Scallywags batting - Pitching for Acapulco Locos : RHP Frank Ricci
Batting: RHB Phil Bradley 0-0: Called Strike
0-1: Ball
1-1: Ball
2-1: Ball
3-1: Base on Balls
Batting: RHB Marty G Barrett 0-0: Ball
1-0: Ball
2-0: Ball
3-0: Base on Balls
Phil Bradley to second
Batting: SHB Willie McGee 0-0: TRIPLE (Line Drive, 89XD, EV 106.9 MPH)
Phil Bradley scores
Marty G Barrett scores
Batting: RHB Joe Carter 0-0: Ball
1-0: Ball
2-0: Ball
3-0: Called Strike
3-1: Fly out, F9 (Flyball, 9, EV 91.9 MPH)
Runner from 3rd tags up, SCORES, no throw by RF
Batting: LHB Sid Bream 0-0: Called Strike
0-1: Fly out, F8 (Flyball, 78S, EV 74.4 MPH)
Batting: SHB Johnny Ray 0-0: TRIPLE (Groundball, 3L, EV 97.5 MPH)
Batting: SHB Jordan Ayala 0-0: Ball
1-0: Called Strike
1-1: Ball
2-1: Ball
3-1: Called Strike
3-2: DOUBLE (Flyball, 78D, EV 103.1 MPH)
Johnny Ray scores
Pitching: RHP Jeffrey Orville
Batting: RHB Edwin Agudelo 0-0: Ball
1-0: Called Strike
1-1: Ball
2-1: Called Strike
Jordan Ayala steals 3rd base
2-2: Fly out, F9 (Flyball, 89D, EV 100.0 MPH)
Bottom of the 3rd over - 4 runs, 3 hits, 0 errors, 1 left on base; Acapulco 0 - Colon 5
TOP OF THE 4TH
Acapulco Locos batting - Pitching for Colon Scallywags : RHP Don Robinson
Batting: RHB Enrique Collado 0-0: Ball
1-0: Swinging Strike
1-1: Ball
2-1: Swinging Strike
2-2: Strikes out swinging
Batting: RHB Gary Skow 0-0: Called Strike
0-1: Foul Ball, location: 2F
0-2: Ball
1-2: Foul Ball, location: 2F
1-2: Ball
2-2: Strikes out looking
Batting: RHB Jorge Martinez 0-0: Ball
1-0: Ground out 4-3 (Groundball, 34, EV 83.8 MPH)
Top of the 4th over - 0 runs, 0 hits, 0 errors, 0 left on base; Acapulco 0 - Colon 5
BOTTOM OF THE 4TH
Colon Scallywags batting - Pitching for Acapulco Locos : RHP Jeffrey Orville
Batting: RHB Alejandro Luna 0-0: Called Strike
0-1: Foul Ball, location: 2F
0-2: Foul Ball, location: 2F
0-2: Ball
1-2: Foul Ball, location: 2F
1-2: Strikes out swinging
Batting: RHB Phil Bradley 0-0: Called Strike
0-1: Ball
1-1: Foul Ball, location: 2F
1-2: Foul Ball, location: 2F
1-2: Ball
2-2: SINGLE (Flyball, 34D, EV 91.9 MPH)
Batting: RHB Marty G Barrett 0-0: Called Strike
0-1: Foul Ball, location: 2F
0-2: Ball
1-2: Foul Ball, location: 2F
1-2: Foul Ball, location: 2F
1-2: Fly out, F4 (Line Drive, 4, EV 63.8 MPH)
Batting: SHB Willie McGee 0-0: Ball
1-0: Foul Ball, location: 2F
1-1: Ball
2-1: Ball
3-1: Base on Balls
Phil Bradley to second
Batting: RHB Joe Carter 0-0: Called Strike
0-1: SINGLE (Line Drive, 89S, EV 99.4 MPH)
Phil Bradley to third
Willie McGee to second
Runner from 3rd tries for Home, SAFE, throw by RF to home
Batting: LHB Sid Bream 0-0: Ball
1-0: Called Strike
1-1: Ball
2-1: Ball
3-1: Base on Balls
Willie McGee to third
Joe Carter to second
Batting: SHB Johnny Ray 0-0: Ball
1-0: Ball
2-0: Called Strike
2-1: Swinging Strike
2-2: GRAND SLAM HOME RUN (Flyball, 9D, EV 96.3 MPH), Distance : 409 ft
Pitching: RHP Owen Foley
Batting: SHB Jordan Ayala 0-0: Called Strike
0-1: Ball
1-1: Ball
2-1: Ball
3-1: Base on Balls
Batting: RHB Edwin Agudelo 0-0: Ground out 6-3 (Groundball, 56, EV 103.8 MPH)
Bottom of the 4th over - 5 runs, 3 hits, 0 errors, 1 left on base; Acapulco 0 - Colon 10
TOP OF THE 5TH
Acapulco Locos batting - Pitching for Colon Scallywags : RHP Don Robinson
Batting: RHB Steven Trumbauer 0-0: Foul Ball, location: 2F
0-1: Swinging Strike
0-2: Foul Ball, location: 2F
0-2: Strikes out looking
Batting: RHB Daniel Purpura 0-0: Ball
1-0: Foul Ball, location: 2F
1-1: Ball
2-1: Foul Ball, location: 2F
2-2: Ground out 6-3 (Groundball, 6M, EV 106.3 MPH)
Batting: LHB Wilson Tucker 0-0: Called Strike
0-1: Foul Ball, location: 2F
0-2: Ball
1-2: Foul Ball, location: 2F
1-2: Strikes out swinging
Top of the 5th over - 0 runs, 0 hits, 0 errors, 0 left on base; Acapulco 0 - Colon 10
BOTTOM OF THE 5TH
Colon Scallywags batting - Pitching for Acapulco Locos : RHP Owen Foley
Batting: RHB Alejandro Luna 0-0: Called Strike
0-1: Ball
1-1: Called Strike
1-2: Strikes out swinging
Batting: RHB Phil Bradley 0-0: Swinging Strike
0-1: Ball
1-1: Called Strike
1-2: Ball
2-2: Foul Ball, location: 2F
2-2: Strikes out swinging
Batting: RHB Marty G Barrett 0-0: Ball
1-0: Ball
2-0: Foul Ball, location: 2F
2-1: Ball
3-1: Base on Balls
Batting: SHB Willie McGee 0-0: Ball
1-0: Fielders Choice at 2nd, 6-4 (Groundball, 6, EV 84.4 MPH)
Bottom of the 5th over - 0 runs, 0 hits, 0 errors, 1 left on base; Acapulco 0 - Colon 10
TOP OF THE 6TH
Acapulco Locos batting - Pitching for Colon Scallywags : RHP Don Robinson
Batting: RHB Jackie Gutierrez 0-0: Called Strike
0-1: Called Strike
0-2: Ball
1-2: Strikes out swinging
Batting: SHB Paul Gbur 0-0: Ground out 4-3 (Groundball, 34, EV 98.1 MPH)
Batting: RHB Dave Wilder 0-0: Called Strike
0-1: Swinging Strike
0-2: Foul Ball, location: 2F
0-2: Ground out 4-3 (Groundball, 34, EV 83.8 MPH)
Top of the 6th over - 0 runs, 0 hits, 0 errors, 0 left on base; Acapulco 0 - Colon 10
BOTTOM OF THE 6TH
Colon Scallywags batting - Pitching for Acapulco Locos : RHP Owen Foley
Batting: RHB Joe Carter 0-0: Ball
1-0: Called Strike
1-1: Called Strike
1-2: Ground out 5-3 (Groundball, 56S, EV 88.1 MPH)
Batting: LHB Sid Bream 0-0: Swinging Strike
0-1: Called Strike
0-2: Strikes out swinging, 2-3 out at first.
Batting: SHB Johnny Ray 0-0: Called Strike
0-1: Ball
1-1: Ball
2-1: Fly out, F6 (Flyball, 6D, EV 88.8 MPH)
Bottom of the 6th over - 0 runs, 0 hits, 0 errors, 0 left on base; Acapulco 0 - Colon 10
TOP OF THE 7TH
Acapulco Locos batting - Pitching for Colon Scallywags : RHP Don Robinson
Batting: RHB Enrique Collado 0-0: Swinging Strike
0-1: Swinging Strike
0-2: Strikes out swinging
Batting: RHB Gary Skow 0-0: Called Strike
0-1: Ball
1-1: Ball
2-1: Foul Ball, location: 2F
2-2: Foul Ball, location: 2F
2-2: Strikes out swinging
Batting: RHB Jorge Martinez 0-0: Ball
1-0: Fly out, F7 (Flyball, 7D, EV 99.4 MPH)
Top of the 7th over - 0 runs, 0 hits, 0 errors, 0 left on base; Acapulco 0 - Colon 10
BOTTOM OF THE 7TH
Colon Scallywags batting - Pitching for Acapulco Locos : RHP Owen Foley
Batting: SHB Jordan Ayala 0-0: Ball
1-0: Swinging Strike
1-1: SINGLE (Line Drive, 89S, EV 94.4 MPH)
Batting: RHB Edwin Agudelo 0-0: Called Strike
0-1: Ball
1-1: Ball
2-1: Swinging Strike
2-2: DOUBLE (Line Drive, 3D, EV 99.4 MPH)
Jordan Ayala to third
Runner from 3rd tries for Home, SAFE, throw by RF to trailing runner, SAFE at third!
Batting: RHB Alejandro Luna 0-0: Ball
Wild Pitch!
Edwin Agudelo scores
1-0: Ball
2-0: Ball
3-0: Called Strike
3-1: SINGLE (Line Drive, 89M, EV 96.9 MPH)
Batting: RHB Phil Bradley 0-0: SINGLE (Groundball, 34D, EV 105.6 MPH)
Alejandro Luna to second
Batting: RHB Marty G Barrett 0-0: Foul Ball, location: 2F
0-1: Foul Ball, location: 2F
0-2: Foul Ball, location: 2F
0-2: Grounds into double play, 6-4-3 (Groundball, 6, EV 76.9 MPH)
Alejandro Luna to third
Batting: SHB Willie McGee 0-0: Called Strike
0-1: Ball
1-1: Ball
2-1: Swinging Strike
2-2: Foul Ball, location: 2F
2-2: SINGLE (Line Drive, 4M, EV 96.3 MPH)
Alejandro Luna scores
Batting: RHB Joe Carter 0-0: Ball
1-0: Fielders Choice at 2nd, 5-4 (Groundball, 56, EV 107.5 MPH)
Bottom of the 7th over - 3 runs, 5 hits, 0 errors, 1 left on base; Acapulco 0 - Colon 13
TOP OF THE 8TH
Acapulco Locos batting - Pitching for Colon Scallywags : RHP Don Robinson
Batting: RHB Steven Trumbauer 0-0: Ball
1-0: SINGLE (Flyball, 8LS, EV 92.5 MPH)
Batting: RHB Daniel Purpura 0-0: Called Strike
0-1: Called Strike
0-2: Foul Ball, location: 2F
0-2: Ball
1-2: SINGLE (Line Drive, 7S, EV 98.1 MPH)
Steven Trumbauer to second
Batting: LHB Wilson Tucker 0-0: Ball
1-0: Called Strike
1-1: Ball
2-1: Ball
3-1: Grounds into double play, 6-4-3 (Groundball, 6, EV 101.9 MPH)
Steven Trumbauer to third
Batting: RHB Jackie Gutierrez 0-0: Ball
1-0: Ball
2-0: Called Strike
2-1: Foul Ball, location: 2F
2-2: Ball
3-2: Foul Ball, location: 2F
3-2: Strikes out looking
Top of the 8th over - 0 runs, 2 hits, 0 errors, 1 left on base; Acapulco 0 - Colon 13
BOTTOM OF THE 8TH
Colon Scallywags batting - Pitching for Acapulco Locos : RHP Owen Foley
Pitching: RHP John Maxson
Pinch Hitting: SHB Santiago Fernandez 0-0: Called Strike
0-1: Ball
1-1: Foul Ball, location: 2F
1-2: Fly out, F9 (Flyball, 89M, EV 85.6 MPH)
Batting: SHB Johnny Ray 0-0: Ball
1-0: Ball
2-0: Ground out 6-3 (Groundball, 6, EV 83.1 MPH)
Batting: SHB Jordan Ayala 0-0: Called Strike
0-1: Foul Ball, location: 2F
0-2: Foul Ball, location: 2F
0-2: Fly out, F9 (Flyball, 9S, EV 88.8 MPH)
Bottom of the 8th over - 0 runs, 0 hits, 0 errors, 0 left on base; Acapulco 0 - Colon 13
TOP OF THE 9TH
Acapulco Locos batting - Pitching for Colon Scallywags : RHP Don Robinson
Pitching: RHP Willie Mueller
Now at 1B: Pat Casey
Batting: SHB Paul Gbur 0-0: Ball
1-0: Ball
2-0: Ball
3-0: Called Strike
3-1: Called Strike
3-2: Base on Balls
Batting: RHB Dave Wilder 0-0: Called Strike
0-1: Swinging Strike
0-2: Strikes out swinging
Batting: RHB Enrique Collado 0-0: SINGLE (Groundball, 4, EV 103.1 MPH)
Paul Gbur to second
Batting: RHB Gary Skow 0-0: Called Strike
0-1: Fly out, F5 (Popup, 56, EV 66.9 MPH)
Batting: RHB Jorge Martinez 0-0: Ball
1-0: Fly out, F9 (Flyball, 89S, EV 80.6 MPH)
Top of the 9th over - 0 runs, 1 hit, 0 errors, 2 left on base; Acapulco 0 - Colon 13
Wednesday, July 8th, 2020 - OOTP Baseball 21.4 Build 63